 Seeded DCSS version 0.29-a0-613-gf2c431b9b9 (webtiles) character file.

Game seed: 13239636096511957188 (custom seed)

112 Patoropollo the Sneak (level 4, -2/30 HPs)
             Began as an Octopode Brigand on June 17, 2022.
             Was an Initiate of Dithmenos.
             Slain by an iguana (14 damage)
             ... on level 4 of the Dungeon.
             The game lasted 00:03:29 (2882 turns).

Patoropollo the Sneak (Octopode Brigand)            Turns: 2882, Time: 00:03:29

Health: -2/30      AC:  1    Str: 10    XL:     4   Next: 95%
Magic:  4/4        EV: 13    Int: 13    God:    Dithmenos [......]
Gold:   181        SH:  0    Dex: 15    Spells: 3/3 levels left

rFire   . . .      SeeInvis .   m - +2 dagger (venom)
rCold   . . .      Faith    .   (no shield)
rNeg    . . .      Spirit   .   (helmet restricted)
rPois   .          Reflect  .   (no amulet)
rElec   .          Harm     .   (no ring)
rCorr   .          Rampage  .   (no ring)
Will    .....                   (no ring)
Stlth   ++++......              (no ring)
HPRegen 0.10/turn               (no ring)
MPRegen 0.09/turn               (no ring)
                                (no ring)
                                (no ring)

@: no status effects
A: almost no armour, amphibious, 8 rings, camouflage 1, gelatinous body 1,
(nimble swimmer 1), tentacles
a: Renounce Religion


You were on level 4 of the Dungeon.
You worshipped Dithmenos.
Dithmenos was noncommittal.
You visited 1 branch of the dungeon, and saw 4 of its levels.

You collected 181 gold pieces.

Inventory:

Hand Weapons
 m - a +2 dagger of venom (weapon)
Missiles
 b - 9 poisoned darts (quivered)
 c - 3 curare-tipped darts
 s - 5 atropa-tipped darts
Scrolls
 a - 2 scrolls of identify {unknown}
 d - a scroll of immolation {unknown}
 e - a scroll of noise {unknown}
 g - a scroll of silence {unknown}
 i - a scroll of enchant armour {unknown}
 l - 3 scrolls of fog {unknown}
 o - a scroll of brand weapon {unknown}
 p - a scroll of magic mapping {unknown}
 q - 2 scrolls of torment {unknown}
Potions
 f - 3 potions of mutation {unknown}
 h - a potion of might {unknown}
 j - 2 potions of flight {unknown}
 k - a potion of curing {unknown}
 n - a potion of attraction {unknown}
 r - a potion of heal wounds {unknown}


   Skills:
 + Level 2.8 Fighting
 + Level 2.9 Short Blades
 - Level 2.0 Throwing
 + Level 2.3 Dodging
 * Level 6.4 Stealth


You had 3 spell levels left.
You didn't know any spells.
Your spell library contained the following spells:

 Spells                   Type           Power      Damage    Failure   Level
 Sting                    Tmut/Pois      0%         1d3       30%         1
 Ensorcelled Hibernation  Hex/Ice        0%         N/A       43%         2
 Static Discharge         Conj/Air       0%         N/A       43%         2
 Gell's Gravitas          Tloc           0%         N/A       67%         3
 Ozocubu's Armour         Ice            0%         N/A       67%         3
 Spider Form              Tmut/Pois      0%         N/A       67%         3
 Teleport Other           Tloc           0%         N/A       67%         3
 Anguish                  Hex/Necr       0%         N/A       97%         4
 Lightning Bolt           Conj/Air       0%         1d11      100%        5
 Dispersal                Tloc           0%         N/A       100%        6
 Ozocubu's Refrigeration  Ice            0%         4d5       100%        7
 Maxwell's Capacitive Co  Air            0%         ∞         100%        8


Dungeon Overview and Level Annotations

Branches:
Dungeon (4/15)
 Temple: D:4-7

Altars:
Dithmenos
Wu Jian


Innate Abilities, Weirdness & Mutations

You cannot wear most types of armour.
You are amphibious.
You can wear up to eight rings at the same time.
Your skin changes colour to match your surroundings (Stealth+).
Your rubbery body absorbs attacks. (AC +1, EV +1)
((You are camouflaged when in or above water. (Stealth+)))
You have tentacles for arms and can constrict up to eight enemies at once.


Message History

Done exploring.
No target in view!
Done exploring.
No target in view!
Done exploring.
No target in view!
Done exploring.
You aren't carrying any pieces of jewellery.
Unknown command.
There is a stone staircase leading down here.
You climb downwards.
The iguana hisses angrily.
The hound barks!
You hear an angry hiss.
You hear a shout!
Found a book of Chaos and 5 gold pieces.
There is a stone staircase leading up here.
You barely miss the iguana. Your grab misses the iguana.
An adder comes into view.
You closely miss the hound. You grab the hound. You squeeze the hound.
The hound is lightly wounded.
You constrict the hound. The iguana closely misses you.
An orc comes into view. It is wielding a +0 dagger.
The hound completely misses you.
Unknown command.
You hit the hound but do no damage.
The hound is poisoned.
You squeeze the hound.
The hound is heavily wounded.
You constrict the hound. The hound bites you. The iguana bites you!
You are too injured to fight recklessly!
Unknown command.
You are too injured to fight recklessly!
Unknown command.
You are too injured to fight recklessly!
Unknown command.
You are too injured to fight recklessly!
You hit the hound.
The hound looks as sick as possible!
You squeeze the hound.
You kill the hound!
Dithmenos accepts your kill.
A kobold comes into view. It is wielding a +0 whip.
The iguana bites you!
You die...

# #. ..
#K###
#.†@#
#..##l# #
... .....
:.S..#.
.......#.
.......o
.#
.......#..
.


You could see an iguana, an adder, an orc and a kobold (wandering).

Vanquished Creatures
  A hound (D:4)
  Terence (D:3)
  4 worms
  2 dart slugs
  8 orcs (D:3)
  7 endoplasms
  A giant cockroach (D:3)
  8 goblins
  4 hobgoblins
  3 jackals (D:3)
  7 kobolds
  A quokka (D:3)
  2 ball pythons
  6 bats
  4 frilled lizards
  A rat (D:3)
60 creatures vanquished.

Vanquished Creatures (others)
  A fungus (D:2)
1 creature vanquished.

Grand Total: 61 creatures vanquished

Notes
Turn   | Place    | Note
-------+----------+-------------------------------------------
     0 | D:1      | Patoropollo the Octopode Brigand began the quest for the
                  | Orb.
     0 | D:1      | Reached XP level 1. HP: 14/14 MP: 1/1
   230 | D:1      | Reached XP level 2. HP: 19/19 MP: 2/2
   377 | D:1      | You fall into a shaft and drop 1 floor!
   975 | D:1      | Reached XP level 3. HP: 25/25 MP: 3/3
  1499 | D:2      | Found a faded altar of an unknown god.
  1507 | D:2      | Got Plato's Volume of Changing
  2025 | D:3      | Reached skill level 6 in Stealth
  2025 | D:3      | Reached XP level 4. HP: 30/30 MP: 4/4
  2089 | D:3      | Found a shadowy altar of Dithmenos.
  2104 | D:3      | Became a worshipper of Dithmenos the Shadowed
  2185 | D:3      | Noticed Terence
  2197 | D:3      | Killed Terence
  2586 | D:3      | Found an ornate altar of the Wu Jian Council.
  2882 | D:4      | Slain by an iguana

Illustrated notes

Levels and vault maps discovered:
D:1:      psy_arrival_fountain, layout_basic
D:2:      layout_rooms, shapermc_ecumenical_altar_rom_forum,
          roderic_serpentine_path
D:3:      layout_basic, mainiacjoe_overflow_alcove_1,
          mainiacjoe_overflow_tiny_flanked, uniq_terence
D:4:      layout_rooms, tgw_trog, mainiacjoe_overflow_swirl,
          nicolae_tso_swordbearing_angel, serial_bayou_lake_a

Skill      XL: |  1  2  3 |
---------------+----------+-----
Dodging        | 2 |  2.3
Stealth        | 6 |  6.4
Fighting       | |  2.8
Short Blades   | |  2.9
Throwing       | |  2.0

Action                   |  1- 3 |  4- 6 || total
-------------------------+-------+-------++-------
Melee: Dagger            |    76 |    43 ||   119
       Constrict         |    18 |    11 ||    29
       Tentacles         |    13 |    14 ||    27
 Stab: Sleeping          |    10 |     3 ||    13
       Distracted        |     1 |       ||     1
Armor: Skin              |     8 |     1 ||     9
Dodge: Dodged            |    43 |    21 ||    64

Table legend: (Time is in decaauts)
 A = Elapsed time spent in this place.
 B = Non-inter-level travel time spent in this place.
 C = Inter-level travel time spent in this place.
 D = Time resting spent in this place.
 E = Time spent auto-exploring this place.
 F = Levels seen in this place.
 G = Mean time per level.
                   A        B        C        D        E       F      G
               +--------+--------+--------+--------+--------+-----+--------+
         Total |   2866 |   2790 |     76 |      0 |   2353 |   4 |  716.5 |
       Dungeon |   2866 |   2790 |     76 |      0 |   2353 |   4 |  716.5 |
               +--------+--------+--------+--------+--------+-----+--------+

Top non-repeatable levels by time:
     D:2: 1104 daAuts
     D:1: 891 daAuts
     D:3: 867 daAuts
     D:4: 3 daAuts
